 Dungeon Crawl Stone Soup version 0.18.1-48-g4cf74bf (webtiles) character file.

57 tyranidshit the Grave Robber (level 3, 0/28 HPs)
             Began as a Deep Dwarf Necromancer on July 9, 2016.
             Succumbed to a goblin's poison
             ... on level 1 of the Dungeon.
             The game lasted 00:04:47 (447 turns).

tyranidshit the Grave Robber (DDNe)                  Turns: 447, Time: 00:04:47

Health: 0/28       AC:  6    Str: 11    XL:     3   Next: 73%
Magic:  1/6        EV:  9    Int: 16    God:
Gold:   41         SH:  0    Dex: 13    Spells: 2 memorised, 3 levels left

rFire  . . .     SeeInvis .     h - +0 long sword
rCold  . . .     Gourm    .     i - +0 scale mail
rNeg   . . .     Faith    .     (no shield)
rPois  .         Spirit   .     (no helmet)
rElec  .         Dismiss  .     (no cloak)
rCorr  .         Reflect  .     (no gloves)
SustAt .         Harm     .     (no boots)
MR     .....                    (no amulet)
Stlth  +.........               (no ring)
                                (no ring)

@: lethally poisoned (0 -> -20), very slightly contaminated, non-regenerating,
not resistant to hostile enchantments, very unstealthy
A: damage resistance, recharge devices, sense surroundings 1, slow regeneration
3
a: Device Recharging


You were on level 1 of the Dungeon.
You were not hungry.

You visited 1 branch of the dungeon, and saw 2 of its levels.

You collected 41 gold pieces.

Inventory:

Hand Weapons
 e - a +0 mace
 h - a +0 long sword (weapon)
Armour
 a - a +0 robe
 f - a +0 leather armour
 i - a +0 scale mail (worn)
Rods
 m - a +0 rod of inaccuracy (13/13)
   (You found it on level 2 of the Dungeon)
Jewellery
 k - an uncursed ring of sustain attributes
Wands
 c - a wand of heal wounds (1/9)
Potions
 g - a potion of might {unknown}
 j - a potion of cure mutation {unknown}
Books
 b - a book of Necromancy

   Spells                             Type                      Level
   a - Pain                           Necromancy                   1
   b - Animate Skeleton               Necromancy                   1
   c - Vampiric Draining              Necromancy                   3
   d - Regeneration                   Charms/Necromancy            3
   e - Animate Dead                   Necromancy                   4
   f - Control Undead                 Necromancy                   4
Comestibles
 d - 2 bread rations
 l - a slice of pizza
 n - 3 fruits


   Skills:
 - Level 2.1 Dodging
 - Level 2.4 Stealth
 + Level 2.5 Spellcasting
 * Level 5.4 Necromancy


You had 3 spell levels left.
You knew the following spells:

 Your Spells              Type           Power        Failure   Level  Hunger
a - Pain                  Necr           ###.         14%         1    #......
b - Vampiric Draining     Necr           ###.......   38%         3    ###....


Dungeon Overview and Level Annotations

Branches:
Dungeon (2/15)

Altars:


Innate Abilities, Weirdness & Mutations

You are resistant to damage.
You can recharge devices by infusing magical energy.
You passively map a small area around you.
You do not regenerate naturally.


Message History

You feel very sick. The goblin hits you but does no damage.
You are lethally poisoned!
You closely miss the goblin.
* * * LOW HITPOINT WARNING * * *
You feel very sick. The goblin hits you but does no damage.
You are more poisoned.
The goblin barely misses you.
You hit the goblin but do no damage.
* * * LOW HITPOINT WARNING * * *
You feel very sick. The goblin misses you.
Casting: Pain
Confirm with . or Enter, or press ? or * to list all spells.
Aiming: Pain
Press: ? - help, Shift-Dir - straight line, f/p - goblin
Aim: a goblin, wielding a dagger of venom (chance to defeat MR: 94%)
The goblin convulses in agony!
You die...

#.......##..................###
##......##.....##..............
##...#.#.......####....†>..##.
#####.#.......# #.#...##(#
#.........# #.....#*..#,
###......########...# ...
#..#...##........#...#..
#.)#####...>.....#######
#......@g......... #≈≈≈
###................ ##≈≈≈
#................ ,*#....
#........#......., #....
#..#......##...... * #....
#.######### ###.## #..<. ##
#..># #.# #...( #...###
#.#######....
#.....####.(..........


You could see a goblin.

Vanquished Creatures
  3 adders (D:2)
  A gnoll (D:2)
  A dart slug (D:2)
  A giant gecko (D:1)
  5 hobgoblins
  2 bats
  A goblin (D:2)
  A kobold (D:1)
  6 rats
21 creatures vanquished.

Notes
Turn   | Place    | Note
--------------------------------------------------------------
     0 | D:1      | tyranidshit the Deep Dwarf Necromancer began the quest for the Orb.
     0 | D:1      | Reached XP level 1. HP: 15/15 MP: 3/3
    57 | D:1      | You fall through a shaft!
    99 | D:2      | Reached XP level 2. HP: 11/22 MP: 1/5
   137 | D:2      | Reached skill level 5 in Necromancy
   222 | D:2      | Reached XP level 3. HP: 18/28 MP: 2/6
   227 | D:2      | Learned a level 3 spell: Vampiric Draining
   276 | D:2      | Identified a +0 rod of inaccuracy (13/13) (You found it on level 2 of the Dungeon)
   447 | D:1      | Succumbed to a goblin's poison

Skill      XL: |  1  2 |
---------------+-------+-----
Spellcasting   | 2 |  2.5
Necromancy     | 5 |  5.4
Dodging        | |  2.1
Stealth        | |  2.4

Action                   || total
-------------------------++-------
Melee: Mace              ||    24
       Long sword        ||    28
 Cast: Pain              ||    22
       Vampiric Draining ||     2
Evoke: Wand              ||     4
  Use: Scroll            ||     2
Armor: Robe              ||    17
       Scale mail        ||    24
Dodge: Dodged            ||    95
